 Dungeon Crawl Stone Soup version 0.19.3 (webtiles) character file.

863 sveltemanboy the Destroyer (level 8, -5/66 HPs)
             Began as a Tengu Conjurer on Jan 22, 2017.
             Killed from afar by an orc wizard (9 damage)
             ... with a magic dart
             ... on level 5 of the Dungeon.
             The game lasted 00:10:57 (4260 turns).

sveltemanboy the Destroyer (Tengu Conjurer)         Turns: 4260, Time: 00:10:57

Health: -5/66      AC: 24    Str:  9    XL:     8   Next: 3%
Magic:  0/13       EV:  2    Int: 18    God:
Gold:   199        SH:  0    Dex: 19    Spells: 4 memorised, 1 level left

rFire  + . .     SeeInvis .     m - +1 spear (flame)
rCold  x . .     Gourm    .     (armour currently unavailable)
rNeg   + + +     Faith    .     (no shield)
rPois  +         Spirit   .     (helmet currently unavailable)
rElec  .         Reflect  .     (cloak currently unavailable)
rCorr  .         Harm     +     (gloves currently unavailable)
MR     .....     NoTele   +     (boots unavailable)
Stlth  ++++......               h - amulet of harm
                                s - ring of stealth
                                f - ring of fire

@: agile, tree-form, very slightly contaminated, hasted and slowed
A: (beak), (talons 0), (molten scales 0), able to fly 1
a: Fly


You were on level 5 of the Dungeon.
You were not hungry.
You were a tree.
You visited 1 branch of the dungeon, and saw 5 of its levels.

You collected 199 gold pieces.

Inventory:

Hand Weapons
 m - a +1 spear of flaming (weapon)
Armour
 o - a +2 robe of cold resistance (melded)
Jewellery
 f - a ring of fire (left branch)
 h - an amulet of harm (around neck)
 s - a ring of stealth (right branch)
Scrolls
 d - 3 scrolls of remove curse {unknown}
 e - 3 scrolls of identify {unknown}
 g - a scroll of immolation {unknown}
 i - a scroll of fear {unknown}
 r - a scroll of teleportation {unknown}
Potions
 j - a potion of agility
 n - 2 potions of haste
 q - a potion of brilliance {unknown}
Books
 b - a book of Conjurations

   Spells                             Type                      Level
   a - Magic Dart                     Conjuration                  1
   b - Searing Ray                    Conjuration                  2
   c - Dazzling Spray                 Conjuration/Hexes            3
   d - Fulminant Prism                Conjuration/Hexes            4
   e - Iskenderun's Mystic Blast      Conjuration                  4
   f - Iskenderun's Battlesphere      Conjuration/Charms           5
Comestibles
 a - a meat ration
 c - 5 bread rations


   Skills:
 - Level 2.0 Fighting
 - Level 2.1 Dodging
 - Level 2.0 Stealth
 - Level 3.0 Spellcasting
 + Level 11.3 Conjurations
 + Level 1.1 Charms


You had one spell level left.
You knew the following spells:

 Your Spells              Type           Power        Failure   Level  Hunger
a - Magic Dart            Conj           ####         1%          1    None
b - Searing Ray           Conj           #####.       1%          2    ##.....
c - Iskenderun's Mystic   Conj           #####...     1%          4    ####...
d - Iskenderun's Battles  Conj/Chrm      ####....     41%         5    ######.


Dungeon Overview and Level Annotations

Branches:
Dungeon (5/15)
 Temple: D:4-7

Altars:

Annotations:
D:4 Paps's ghost, amateur HOFi


Innate Abilities, Weirdness & Mutations

((You have a beak for a mouth.))
((You have claws for feet.))
You can fly.
((You are partially covered in molten scales. (AC +2)))


Message History

The orc wizard casts a spell at you. The magic dart hits you!
* * * LOW HITPOINT WARNING * * *
It was a potion of haste.
You feel yourself speed up.
You are very lightly contaminated with residual magic.
It was a potion of agility.
You feel agile all of a sudden. The orc wizard closely misses you.
It was a potion of beneficial mutation.
Molten scales grow over part of your body.
You feel fantastic!
The orc wizard gestures at you while chanting.
The magic dart hits you!
* * * LOW HITPOINT WARNING * * *
It was a potion of lignification.
You turn into a tree.
Your +2 robe of cold resistance melds into your body.
You feel less resistant to cold.
Your roots penetrate the ground.
The orc wizard casts a spell at you. The magic dart hits you!
You die...

###...#.#.##
#........#.#
..........#
#.......#.#
###...###.# #... #.#
##.## #.# ##...###o#
####.....##♣# ##
............### #.
##.....##...# #.
##>..#####.# #####.
##.## #.# #..... #.#
#.# #.###.
#.######.###### #.#
#. #.............#
##.# #.
####.###..###.###..#
##


You could see an orc wizard.

Vanquished Creatures
  Sigmund (D:3)
  2 ogres (D:4)
  A centaur (D:5)
  The ghost of sveltemanboy the Conjurer, an amateur TeCj (D:3)
  A scorpion (D:4)
  A howler monkey (D:5)
  A hound (D:4)
  An orc priest (D:5)
  An orc wizard (D:3)
  10 gnolls (D:2)
  5 adders
  An adder skeleton (D:3)
  4 worms
  4 leopard geckos
  9 orcs
  8 bats
  3 giant cockroaches
  6 goblins
  4 hobgoblins
  7 jackals (D:3)
  2 quokkas (D:2)
  A frilled lizard (D:3)
  5 kobolds
  7 rats
86 creatures vanquished.

Notes
Turn   | Place    | Note
-------+----------+-------------------------------------------
     0 | D:1      | sveltemanboy the Tengu Conjurer began the quest for the Orb.
     0 | D:1      | Reached XP level 1. HP: 10/10 MP: 4/4
   172 | D:1      | Reached XP level 2. HP: 15/15 MP: 4/6
   275 | D:1      | Learned a level 2 spell: Searing Ray
   877 | D:2      | Reached skill level 6 in Conjurations
   877 | D:2      | Reached XP level 3. HP: 19/19 MP: 2/7
  1241 | D:2      | Reached XP level 4. HP: 24/24 MP: 0/9
  1391 | D:2      | Reached skill level 7 in Conjurations
  1846 | D:2      | Gained mutation: You can fly. [Tengu growth]
  1846 | D:2      | Reached XP level 5. HP: 28/28 MP: 4/10
  2124 | D:3      | Noticed sveltemanboy's ghost (amateur TeCj)
  2134 | D:3      | Killed sveltemanboy's ghost
  2134 | D:3      | Reached skill level 8 in Conjurations
  2366 | D:3      | Learned a level 4 spell: Iskenderun's Mystic Blast
  2491 | D:3      | Noticed Sigmund
  2572 | D:2      | Reached XP level 6. HP: 7/32 MP: 5/11
  2892 | D:3      | Reached skill level 9 in Conjurations
  3499 | D:3      | Killed Sigmund
  3499 | D:3      | Reached skill level 1 in Fighting
  3499 | D:3      | Reached XP level 7. HP: 38/38 MP: 7/12
  3611 | D:4      | Reached skill level 10 in Conjurations
  3724 | D:4      | Noticed Paps's ghost (amateur HOFi)
  3979 | D:5      | Entered Level 5 of the Dungeon
  3984 | D:5      | Reached skill level 11 in Conjurations
  4059 | D:5      | Learned a level 5 spell: Iskenderun's Battlesphere
  4228 | D:5      | Reached skill level 1 in Charms
  4252 | D:5      | Reached XP level 8. HP: 19/44 MP: 0/13
  4259 | D:5      | Gained mutation: You are partially covered in molten scales. (AC +2) [potion of beneficial mutation]
  4260 | D:5      | Killed from afar by an orc wizard

Skill      XL: |  1  2  3  4  5  6  7 |
---------------+----------------------+-----
Conjurations   | 6 7 8 9 11 | 11.3
Spellcasting   | 3 |  3.0
Fighting       | 1 2 |  2.0
Charms         | 1 |  1.1
Dodging        | |  2.1
Stealth        | |  2.0

Action                   |  1- 3 |  4- 6 |  7- 9 || total
-------------------------+-------+-------+-------++-------
Melee: Hand axe          |     3 |       |       ||     3
       Spear             |       |    52 |     8 ||    60
       Kick              |       |     9 |     1 ||    10
       Peck              |       |     4 |       ||     4
 Cast: Magic Dart        |    32 |    65 |     9 ||   106
       Searing Ray       |     4 |    11 |     7 ||    22
       Iskenderun's Myst |       |     1 |     6 ||     7
  Use: Potion            |       |       |     4 ||     4
 Stab: Sleeping          |     1 |     2 |       ||     3
  Eat: Chunk             |     1 |     8 |     4 ||    13
Armor: Robe              |     1 |    13 |       ||    14
Dodge: Dodged            |     4 |    25 |    12 ||    41
